 Dungeon Crawl Stone Soup version 0.24.0-13-gcf9b319 (webtiles) character file.

Game seed: 4217812816675447399, levelgen mode: deterministic

3719 BoppinsLewinski the Cleaver (level 9, 0/86 HPs)
             Began as a Grey Draconian Fighter on Nov 11, 2019.
             Was a Believer of Qazlal.
             Slain by an orc knight
             ... wielding a +0 glaive
              (28 damage)
             ... in a bailey.
             The game lasted 00:18:59 (6855 turns).

BoppinsLewinski the Cleaver (DrFi)                  Turns: 6855, Time: 00:19:00

Health: 0/86       AC: 14    Str: 23    XL:     9   Next: 92%
Magic:  11/12      EV: 13    Int:  8    God:    Qazlal [**....]
Gold:   411        SH: 14    Dex: 12    Spells: 8/8 levels left

rFire    . . .     SeeInvis +   a - +0 war axe
rCold    . . .     Gourm    .   b - +0 shield
rNeg     . . .     Faith    .   (armour unavailable)
rPois    .         Spirit   .   (helmet restricted)
rElec    .         Reflect  .   i - +0 cloak
rCorr    .         Harm     .   (no gloves)
MR       .....                  m - +0 pair of boots
Stlth    ++........             (no amulet)
HPRegen  0.24/turn              s - ring of stealth
MPRegen  0.13/turn              u - +2 ring of dexterity

@: berserk cooldown, flying (expiring), slowed, very slow
A: walk through water, unfitting armour, see invisible, robust 1, unbreathing,
cold-blooded, AC +12
a: Upheaval, Renounce Religion


You were in a bailey.
You worshipped Qazlal.
Qazlal was pleased with you.
You were hungry.

You visited 1 branch of the dungeon, and saw 8 of its levels.
You also visited: Bailey.

You collected 411 gold pieces.

Inventory:

Hand Weapons
 a - a +0 war axe (weapon)
Armour
 b - a +0 shield (worn)
 i - a +0 cloak (worn)
 m - a +0 pair of boots (worn)
Jewellery
 s - a ring of stealth (left hand)
 u - a +2 ring of dexterity (right hand)
Wands
 h - a wand of digging (8)
Scrolls
 c - 2 scrolls of enchant weapon
 e - 3 scrolls of teleportation
 f - a scroll of fear {unknown}
 k - 3 scrolls of magic mapping
 l - 5 scrolls of fog
 o - a scroll of blinking {unknown}
 q - 3 scrolls of remove curse
 r - a scroll of summoning {unknown}
 t - a scroll of amnesia
Potions
 g - 2 potions of heal wounds
 n - a potion of lignification
Comestibles
 d - 14 rations
 w - a chunk of flesh


   Skills:
 + Level 7.1 Fighting
 * Level 8.5 Axes
 + Level 6.0 Dodging
 + Level 6.5 Shields
 * Level 4.9 Invocations
 + Level 3.1 Evocations


You had 8 spell levels left.
You didn't know any spells.
Your spell library was empty.

Dungeon Overview and Level Annotations

Branches:
Dungeon (8/15)             Temple (0/1) D:5          Bailey (1/1)
   Lair: D:8-11

Altars:
Dithmenos
Elyvilon
Fedhas
Gozag
Makhleb
Nemelex Xobeh
Okawaru
Qazlal
Ru
Xom
Yredelemnul
The Shining One

Shops:
D:6 }   D:7 (


Innate Abilities, Weirdness & Mutations

You can walk through water.
Your dull iron-grey scales are very hard. (AC +12)
You cannot fit into any form of body armour.
You can survive without breathing.
You are cold-blooded and may be slowed by cold attacks.
You have supernaturally acute eyesight. (SInv)
You are robust. (+10% HP)


Message History

The orc knight is severely wounded.
The orc knight hits you but does no damage.
Unknown command.
You slash the orc knight!
Your tail-slap misses the orc knight.
The orc knight is almost dead.
The orc knight closely misses you. You block the orc knight's attack.
Unknown command.
You hit the orc knight.
The orc knight is almost dead.
You block the orc knight's attack.
Unknown command.
You barely miss the orc knight.
The orc knight is almost dead.
You are starting to lose your buoyancy.
You block the orc knight's attack.
Unknown command.
You slash the orc knight!
The orc knight is almost dead.
The orc knight hits you with a +0 glaive!!
You die...

.................................
..≈≈≈≈≈≈≈≈≈≈≈≈≈≈≈≈≈(≈≈≈≈≈≈≈≈≈≈≈..
..≈≈#.#≈≈≈≈≈≈≈≈≈≈≈≈≈≈≈≈≈≈≈#.#≈≈..
..≈##.##≈≈≈≈)≈≈≈≈≈≈≈≈≈≈≈≈##.##≈..
..≈..^))(≈((≈≈(≈≈≈≈(≈≈≈(≈))^..≈..
..≈##.∩#≈≈≈(≈≈≈≈≈≈≈≈≈≈≈≈≈#∩.##≈..
..≈≈#.#≈≈≈(((≈≈###≈≈≈≈≈≈≈≈#.#≈≈..
..≈≈≈≈≈≈≈≈≈≈#########≈≈≈≈≈≈≈≈≈≈..
..≈≈≈≈≈≈≈≈≈##≈≈)@≈≈≈##≈≈≈≈≈≈≈≈≈..
..≈≈≈≈≈≈≈≈##≈≈#o#'#≈≈##≈≈≈≈≈≈≈≈..
..≈≈≈≈≈≈≈≈#≈≈##.#.##≈≈#≈≈≈≈≈≈≈≈..
..≈≈≈≈≈≈≈##≈# #######≈##≈≈≈≈≈≈≈..
..≈≈≈≈≈≈≈##≈ #.'≈##≈≈≈≈≈≈≈..
..≈≈≈≈≈≈≈## ###≈##≈≈≈≈≈≈(..
..≈≈≈≈≈≈≈# #.'≈##≈≈≈≈≈≈≈..
..≈≈≈≈≈≈≈## ###≈##≈≈≈≈≈≈(..
..≈≈≈≈≈≈≈≈# #)≈##≈≈≈≈≈(≈..


You could see an orc knight.

Vanquished Creatures
  Prince Ribbit (D:5)
  A human (D:7)
  4 hogs (D:7)
  A black bear (D:6)
  An ice beast (D:5)
  6 orc warriors (Bailey)
  A sky beast (D:2)
  3 phantoms
  2 ogres
  4 centaurs
  A big kobold (D:7)
  2 bullfrogs
  Dowan (D:5)
  2 scorpions
  A killer bee (D:5)
  2 howler monkeys (D:5)
  A bullfrog zombie (D:5)
  A crimson imp (D:6)
  A jelly (D:8)
  A centaur zombie (D:7)
  3 hounds
  A centaur skeleton (D:4)
  3 orc priests (D:7)
  3 iguanas
  Ijyb (D:5)
  A hell rat (D:5)
  3 worker ants
  A killer bee zombie (D:7)
  A gnoll (D:2)
  10 adders
  2 oozes
  2 adder skeletons (D:4)
  An adder zombie (D:6)
  4 worms
  2 dart slugs
  3 leopard geckos
  20 orcs
  3 ball pythons
  5 giant cockroaches
  12 goblins
  6 hobgoblins
  9 jackals
  7 kobolds
  6 quokkas
  3 bats
  2 frilled lizards (D:3)
  A leopard gecko skeleton (D:2)
  A quokka skeleton (D:7)
  8 rats
161 creatures vanquished.

Vanquished Creatures (others)
  A giant cockroach (D:3)
1 creature vanquished.

Grand Total: 162 creatures vanquished

Notes
Turn   | Place    | Note
-------+----------+-------------------------------------------
     0 | D:1      | BoppinsLewinski the Draconian Fighter began the quest for
                  | the Orb.
     0 | D:1      | Reached XP level 1. HP: 19/19 MP: 1/1
   302 | D:1      | Reached XP level 2. HP: 26/26 MP: 2/2
   727 | D:2      | Reached XP level 3. HP: 4/31 MP: 3/3
  1144 | D:2      | Reached skill level 3 in Axes
  1147 | D:2      | Noticed a sky beast
  1165 | D:2      | Killed a sky beast
  1165 | D:2      | Reached XP level 4. HP: 22/40 MP: 4/4
  1165 | D:2      | Reached XP level 5. HP: 26/46 MP: 5/5
  1381 | D:2      | Found a blossoming altar of Fedhas.
  1851 | D:3      | Reached skill level 4 in Axes
  1980 | D:3      | Found a stormy altar of Qazlal.
  2095 | D:3      | Became a worshipper of Qazlal Stormbringer
  2294 | D:4      | Noticed an ogre
  2303 | D:4      | Killed an ogre
  2303 | D:4      | Reached XP level 6. HP: 24/53 MP: 6/6
  2493 | D:4      | Found a basalt altar of Yredelemnul.
  2849 | D:4      | Found a shadowy altar of Dithmenos.
  3052 | D:4      | Found a burning altar of Makhleb.
  3313 | D:5      | Entered Level 5 of the Dungeon
  3313 | D:5      | Found a shimmering altar of Xom.
  3314 | D:5      | Noticed an ice beast
  3326 | D:5      | Killed an ice beast
  3326 | D:5      | Reached skill level 5 in Axes
  3326 | D:5      | Your scales start taking on a dull iron-grey colour.
  3326 | D:5      | Reached XP level 7. HP: 57/60 MP: 7/7
  3326 | D:5      | Gained mutation: You can survive without breathing. [Grey
                  | Draconian growth]
  3359 | D:5      | Found a white marble altar of Elyvilon.
  3374 | D:5      | Noticed Grinder
  3381 | D:5      | Paralysed by Grinder for 5 turns
  3387 | D:5      | Gained mutation: You are robust. (+10% HP) [potion of
                  | mutation]
  3387 | D:5      | Gained mutation: You have supernaturally acute eyesight.
                  | (SInv) [potion of mutation]
  3399 | D:5      | Reached skill level 5 in Fighting
  3412 | D:5      | Noticed Grinder
  3412 | D:5      | Grinder changed into Grinder the hell rat
  3422 | D:5      | Killed Grinder the hell rat
  3812 | D:5      | Noticed Dowan
  3847 | D:5      | Killed Dowan
  3847 | D:5      | Reached * piety under Qazlal
  3861 | D:5      | Noticed Duvessa
  3863 | D:5      | Noticed Duvessa
  3863 | D:5      | Duvessa changed into Duvessa the water moccasin
  3868 | D:5      | Noticed Duvessa
  3868 | D:5      | Duvessa the water moccasin changed into Duvessa the
                  | bullfrog
  3871 | D:5      | Killed Duvessa the bullfrog
  3904 | D:5      | Found a staircase to the Ecumenical Temple.
  3910 | D:5      | Reached skill level 6 in Axes
  3915 | D:5      | Noticed Ijyb
  3942 | D:5      | Noticed Sigmund
  3949 | D:5      | Killed Ijyb
  3949 | D:5      | Reached skill level 5 in Shields
  3949 | D:5      | Noticed Prince Ribbit
  3959 | D:5      | Reached XP level 8. HP: 75/75 MP: 8/8
  3960 | D:5      | Noticed Sigmund
  3960 | D:5      | Sigmund changed into Sigmund the killer bee
  3963 | D:5      | Killed Sigmund the killer bee
  3971 | D:5      | Killed Prince Ribbit
  4521 | D:6      | Reached skill level 7 in Axes
  4521 | D:6      | Reached skill level 5 in Dodging
  4765 | D:6      | Reached skill level 1 in Invocations
  4801 | D:6      | Found Visk's Gadget Emporium.
  4837 | D:6      | Reached skill level 1 in Evocations
  4839 | D:6      | Found a sparkling altar of Nemelex Xobeh.
  5471 | D:7      | Found Zonois's Weapon Shoppe.
  5530 | D:7      | Reached XP level 9. HP: 85/85 MP: 10/10
  5612 | D:7      | Reached ** piety under Qazlal
  5927 | D:7      | Found an opulent altar of Gozag.
  5952 | D:7      | Found a glowing golden altar of the Shining One.
  5952 | D:7      | Found an iron altar of Okawaru.
  6050 | D:7      | Reached skill level 8 in Axes
  6171 | D:7      | Found a sacrificial altar of Ru.
  6302 | D:8      | Found a flagged portal.
  6307 | Bailey   | Entered a bailey
  6821 | Bailey   | Noticed an orc knight
  6836 | Bailey   | HP: 4/86 [orc knight/+0 glaive (12)]
  6855 | Bailey   | Slain by an orc knight

Levels and vault maps discovered:
D:1:      dpeg_arrival_tiny_k, layout_basic, hex_large
D:2:      layout_rooms, fedhas_altar_1, minmay_between
D:3:      layout_loops_cross, grunt_qazlal_clouds, first_ration
D:4:      layout_basic, lemuel_doored_altar, makhleb_heckhound_becter,
          nicolae_dithmenos_shadow_blocks
D:5:      layout_loops_ring, elyvilon_altar_4, lemuel_crystal_altar,
          minmay_temple_entry_stoned_glass, uniq_ijyb, uniq_grinder,
          uniq_duvessa, uniq_prince_ribbit1, uniq_sigmund
D:6:      layout_layer_cave, nemelex_xobeh_ov_fountains_minmay, serial_shops,
          nicolae_shop_trees
D:7:      layout_cave_pools, nicolae_ru_path_of_blood,
          gammafunk_temple_overflow_pools, basic_altar, serial_shops, shop,
          grunt_livestock
D:8:      layout_gridville, dancing_weapons_uskayaw, enter_bailey_3
Bailey:   bailey_polearm_2, bailey

Skill      XL: |  1  2  3  4  5  6  7  8  9 |
---------------+----------------------------+-----
Dodging        | 3 4 5 6 |  6.0
Axes           | 3 4 5 6 7 8 |  8.5
Fighting       | 4 5 6 7 |  7.1
Shields        | 4 5 6 |  6.5
Invocations    | 2 4 |  4.9
Evocations     | 1 3 |  3.1

Action                   |  1- 3 |  4- 6 |  7- 9 || total
-------------------------+-------+-------+-------++-------
Melee: War axe           |    79 |   175 |   346 ||   600
       Tailslap          |     7 |    21 |    56 ||    84
       Unarmed           |       |       |    33 ||    33
Invok: Upheaval          |       |       |     1 ||     1
Evoke: Wand              |       |       |     9 ||     9
  Use: Potion            |     2 |     1 |    16 ||    19
       Scroll            |       |       |    10 ||    10
 Stab: Sleeping          |       |     4 |     1 ||     5
  Eat: Chunk             |     1 |     3 |    12 ||    16
       Ration            |       |     1 |       ||     1
Armor: Skin              |    11 |    39 |   124 ||   174
Dodge: Dodged            |    42 |    61 |   166 ||   269
Block: Shield            |    41 |    92 |   300 ||   433
